Map: Lightshade LE

Players

Vanya - Winner!

  • Race: Zerg Zerg
  • League: Master
  • Spawn Location: 11:00

MaxPax

  • Race: Protoss Protoss
  • League: Grandmaster
  • Spawn Location: 5:00

Event: DreamHack SC2 Masters 2020 Winter

VOD

Have the link to the VOD?

Description

Time

  • Played on: Oct. 21, 2020, 1:44 p.m.
  • Length: 9:37

All games in this series

Show
View Real Time Build Order
Export as new Build Order

Vanya Zerg - Winner!

Build Orders: Pool First 

Get SALT Encoding   

  12  0:17  Spawning Pool  
  11  0:22  Drone  
  11  0:26  Drone  
  13  0:31  Drone  
  14  0:40  Overlord  
  15  1:04  Zergling x4  
  15  1:05  Zergling x2  
  15  1:07  Queen  
  19  1:16  Zergling x2  
  20  1:27  Zergling x2  
  21  1:38  Hatchery  
  20  1:43  Drone  
  21  1:49  Overlord  
  21  1:59  Drone  
  22  2:02  Extractor  
  22  2:06  Queen  
  23  2:14  Drone  
  24  2:20  Drone  
  24  2:24  Drone  
  24  2:25  Drone  
  24  2:28  Drone  
  26  2:41  Drone  
  27  2:45  Queen  
  29  2:52  Drone  
  29  2:53  Overlord  
  29  2:56  Drone  
  29  2:57  Drone  
  32  2:59  Drone  
  33  3:06  Metabolic Boost  
  33  3:09  Drone  
  34  3:13  Drone  
  35  3:28  Hatchery  
  35  3:32  Drone x2  
  36  3:34  Drone  
  36  3:36  Drone  
  36  3:41  Drone  
  39  3:47  Zergling x4  
  40  3:51  Overlord  
  40  3:53  Drone  
  40  3:55  Spore Crawler  
  40  3:56  Drone  
  40  3:58  Spore Crawler  
  40  4:01  Drone  
  42  4:04  Queen  
  44  4:12  Drone x2  
  44  4:13  Overlord  
  44  4:15  Spore Crawler  
  44  4:16  Drone  
  46  4:17  Drone  
  47  4:29  Drone x3  
  50  4:38  Lair  
  50  4:39  Roach Warren  
  50  4:41  Spore Crawler  
  50  4:42  Drone x5  
  53  4:46  Extractor  
  53  4:48  Drone x3, Extractor  
  54  4:55  Drone x3  
  54  4:57  Drone  
  58  5:02  Spore Crawler, Overlord  
  58  5:06  Drone x2  
  58  5:09  Drone  
  58  5:10  Drone x2  
  59  5:17  Drone x3  
  62  5:21  Drone x2  
  62  5:24  Overlord  
  62  5:25  Drone  
  65  5:28  Extractor  
  65  5:31  Drone x2  
  65  5:34  Overlord  
  65  5:44  Drone x7  
  65  5:45  Drone  
  73  5:51  Hydralisk Den, Extractor, Zergling x2  
  73  5:52  Zergling x2  
  73  5:56  Zergling x8  
  77  6:03  Drone x4  
  78  6:10  Drone  
  78  6:11  Drone  
  75  6:15  Spore Crawler  
  72  6:20  Drone x3  
  71  6:28  Overlord, Grooved Spines  
  71  6:29  Overlord  
  71  6:33  Hydralisk x2  
  71  6:39  Drone x4  
  78  6:44  Overlord  
  78  6:46  Hydralisk  
  80  6:48  Glial Reconstitution  
  80  6:55  Roach, Hydralisk x2  
  80  6:56  Roach  
  88  7:02  Overlord  
  88  7:05  Hydralisk x3  
  93  7:15  Hydralisk x4  
  95  7:21  Roach, Hydralisk  
  95  7:22  Roach  
  107  7:27  Hydralisk  
  107  7:28  Roach x2  
  113  7:31  Pneumatized Carapace  
  113  7:33  Overlord  
  113  7:36  Overlord  
  113  7:39  Overlord  
  113  7:40  Muscular Augments  
  113  7:47  Overlord  
  113  7:51  Overlord  
  113  7:55  Hydralisk x3  
  113  7:56  Roach x3  
  122  7:59  Hydralisk  
  122  8:00  Roach  
  122  8:04  Hydralisk  
  122  8:05  Roach  
  130  8:09  Hydralisk  
  130  8:10  Hydralisk  
  134  8:16  Roach, Hydralisk  
  134  8:17  Roach  
  140  8:23  Zergling x10  
  140  8:25  Ravager  
  140  8:26  Ravager  
  148  8:27  Ravager x3  
  148  8:28  Zergling x2  
  148  8:29  Zergling x2  
  148  8:33  Overlord  
  152  8:35  Overlord  
  152  8:36  Roach  
  152  8:38  Overlord  
  154  8:42  Overlord  
  154  8:44  Overlord  
  154  8:46  Overlord  
  154  8:54  Hydralisk x3  
  154  9:09  Roach x8  
Show
View Real Time Build Order
Export as new Build Order

MaxPax Protoss 

Build Orders: Oracle Opening 

Get SALT Encoding   

  12  0:00  Probe  
  13  0:12  Probe  
  14  0:20  Pylon  
  14  0:24  Probe  
  15  0:38  Probe (Chrono Boost)  
  16  0:42  Gateway  
  16  0:48  Assimilator  
  16  0:49  Probe (Chrono Boost)  
  17  0:53  Probe (Chrono Boost)  
  18  1:05  Probe  
  19  1:14  Pylon  
  19  1:17  Probe  
  20  1:23  Gateway  
  20  1:25  Pylon  
  20  1:29  Cybernetics Core, Zealot (Chrono Boost)  
  22  1:40  Pylon  
  22  1:42  Probe  
  23  2:02  Probe  
  23  2:04  Adept (Chrono Boost)  
  26  2:14  Shield Battery  
  24  2:23  Nexus  
  24  2:29  Adept  
  24  2:32  Probe  
  27  2:41  Assimilator  
  27  2:46  Probe  
  27  2:47  Stargate  
  28  2:57  Gateway  
  28  3:01  Probe  
  29  3:07  Stalker  
  31  3:16  Warp Gate  
  31  3:20  Pylon  
  31  3:35  Probe  
  31  3:39  Oracle (Chrono Boost)  
  32  3:47  Probe  
  34  3:59  Probe  
  33  4:04  Probe  
  33  4:09  Oracle (Chrono Boost)  
  34  4:11  Probe  
  34  4:16  Assimilator, Probe  
  39  4:18  Assimilator, Adept  
  39  4:20  Adept  
  39  4:23  Probe (Chrono Boost)  
  44  4:30  Pylon  
  45  4:31  Probe (Chrono Boost)  
  45  4:36  Probe (Chrono Boost)  
  45  4:38  Void Ray (Chrono Boost)  
  46  4:43  Probe (Chrono Boost)  
  46  4:44  Probe (Chrono Boost)  
  48  4:50  Probe  
  48  4:52  Probe  
  54  4:58  Pylon  
  54  5:02  Probe  
  54  5:04  Probe  
  56  5:08  Void Ray (Chrono Boost)  
  56  5:12  Adept  
  56  5:13  Adept  
  60  5:14  Probe  
  60  5:16  Probe  
  66  5:26  Probe  
  67  5:28  Probe  
  68  5:38  Probe  
  68  5:40  Pylon, Nexus  
  69  5:49  Pylon  
  70  5:51  Void Ray (Chrono Boost)  
  70  5:53  Stargate  
  69  5:57  Robotics Facility  
  71  6:07  Probe  
  66  6:13  Probe  
  67  6:24  Probe  
  68  6:26  Adept x2, Probe  
  68  6:27  Void Ray (Chrono Boost)  
  68  6:31  Void Ray (Chrono Boost)  
  81  6:40  Probe  
  81  6:43  Probe  
  83  6:47  Robotics Bay  
  83  6:48  Gateway x2  
  83  6:52  Probe x2  
  83  6:54  Void Ray (Chrono Boost)  
  85  6:56  Probe  
  85  7:00  Shield Battery  
  86  7:04  Probe  
  86  7:06  Void Ray (Chrono Boost)  
  92  7:08  Probe  
  92  7:15  Assimilator x2  
  97  7:20  Pylon  
  97  7:21  Forge  
  96  7:24  Probe x3  
  99  7:34  Pylon  
  99  7:35  Colossus (Chrono Boost)  
  99  7:36  Probe  
  100  7:38  Pylon  
  100  7:42  Pylon, Shield Battery  
  100  7:43  Probe x2  
  108  7:48  Probe  
  109  7:55  Probe x2  
  109  8:00  Probe  
  109  8:03  Robotics Facility  
  108  8:07  Probe  
  108  8:09  Photon Cannon  
  108  8:10  Sentry x2  
  113  8:13  Photon Cannon  
  113  8:15  Shield Battery  
  113  8:17  Colossus (Chrono Boost)  
  119  8:21  Sentry  
  119  8:22  Zealot  
  123  8:27  Probe  
  123  8:30  Pylon  
  124  8:35  Zealot x2  
  128  8:42  Sentry  
  130  8:50  Photon Cannon  
  136  8:58  Zealot x2  
  122  9:10  Zealot  
  122  9:11  Zealot, Probe  
  122  9:13  Probe  
  99  9:17  Probe  
  99  9:23  Probe  
Tags
 
Add a new tag
Caveats
  • Supply blocks, unpowered buildings, or Contaminate may cause inaccurate times.
  • Supply counts are checked every 10 seconds.